 Dungeon Crawl Stone Soup version 0.27-a0-1196-g3e9cee4cb2 (webtiles) character file.

Game seed: 9137465259124558162

1750 HoaS the Ruffian (level 8, -3/75 HPs)
             Began as a Troll Hunter on May 27, 2021.
             Was a Believer of Okawaru.
             Slain by Duvessa
             ... wielding a +3 short sword
              (14 damage)
             ... on level 5 of the Dungeon.
             The game lasted 00:14:33 (3820 turns).

HoaS the Ruffian (Troll Hunter)                     Turns: 3820, Time: 00:14:34

Health: -3/75      AC:  6    Str: 21    XL:     8   Next: 78%
Magic:  0/9        EV: 14    Int:  7    God:    Okawaru [**....]
Gold:   165        SH:  0    Dex: 12    Spells: 7/7 levels left

rFire    . . .     SeeInvis .     - Unarmed
rCold    . . .     Faith    .   (no shield)
rNeg     . . .     Spirit   +   q - +2 robe {Will+}
rPois    .         Reflect  .   (helmet restricted)
rElec    .         Harm     .   (no cloak)
rCorr    .         Rampage  .   (gloves unavailable)
Will     +....                  (boots unavailable)
Stlth    +.........             g - amulet of guardian spirit
HPRegen  1.22/turn              j - +4 ring of evasion
MPRegen  0.11/turn              i - ring of flight

@: flying
A: large, unfitting armour, claws 3, regeneration 1, shaggy fur 1, tough skin 1
a: Renounce Religion, Heroism


You were on level 5 of the Dungeon.
You worshipped Okawaru.
Okawaru was pleased with you.
You visited 2 branches of the dungeon, and saw 6 of its levels.
You also visited: Ossuary.

You collected 165 gold pieces.

Inventory:

Missiles
 c - 4 large rocks
 d - 4 throwing nets
 h - 2 boomerangs (quivered)
 n - 3 poisoned darts
Armour
 q - a +2 robe of willpower (worn)
Jewellery
 g - an amulet of guardian spirit (around neck)
 i - a ring of flight (right claw)
 j - a +4 ring of evasion (left claw)
 o - a ring of see invisible
Wands
 k - a wand of flame (17)
Scrolls
 b - a scroll of blinking
 p - a scroll of magic mapping
 t - a scroll of teleportation
Potions
 a - 2 potions of invisibility
 e - a potion of attraction
 f - 2 potions of curing
 l - 4 potions of mutation
 m - a potion of flight
 v - a potion of might
 w - 3 potions of resistance


   Skills:
 + Level 3.2 Fighting
 * Level 5.7 Throwing
 - Level 1.5 Armour
 + Level 3.2 Dodging
 - Level 0.7 Stealth
 * Level 7.8 Unarmed Combat
 + Level 2.6 Invocations


You had 7 spell levels left.
You didn't know any spells.
Your spell library contained the following spells:

 Spells                   Type           Power      Damage    Failure   Level
 Animate Skeleton         Necr           0%         N/A       43%         1
 Pain                     Necr           0%         1d4       43%         1
 Vampiric Draining        Necr           0%         2d6       80%         3
 Animate Dead             Necr           0%         N/A       99%         4
 Agony                    Necr           0%         N/A       100%        5


Dungeon Overview and Level Annotations

Branches:
Dungeon (5/15)             Temple (1/1) D:4         Ossuary (visited)

Altars:
Ashenzari
Cheibriados
Dithmenos
Elyvilon
Fedhas
Gozag
Hepliaklqana
Kikubaaqudgha
Makhleb
Nemelex Xobeh
Okawaru
Ru
Sif Muna
Trog
Uskayaw
Vehumet
Wu Jian
Xom
Yredelemnul
Zin
The Shining One

Shops:
D:3 :

Annotations:
D:5 Duvessa


Innate Abilities, Weirdness & Mutations

You are too large for most types of armour.
You have claws for hands.
Your natural rate of healing is unusually fast.
You are covered in fur. (AC +1)
You have tough skin. (AC +1)


Message History

There is an open door here.
Aiming: Throw Flame
Press: ? - help, Shift-Dir - straight line, f - Dowan
Aim: Dowan, wielding a +0 dagger and wearing a +0 robe (asleep, 100% to hit)
The puff of flame hits Duvessa but does no damage.
Okay, then.
Throw: 5 large rocks
Press: ? - help, Shift-Dir - straight line, f/p - Dowan
Aim: Dowan, wielding a +0 dagger and wearing a +0 robe (wandering, hasn't noticed you, 50% to hit)
You throw a large rock. The large rock closely misses Duvessa.
Dowan shouts!
The large rock hits Dowan!!
You kill Dowan!
Okawaru accepts your kill.
Duvessa weeps, then rights herself and shakes her weapon.
Duvessa goes berserk!
Duvessa hits you with a +3 short sword.
You mangle Duvessa!!
Duvessa is moderately wounded.
Duvessa hits you with a +3 short sword!
You barely miss Duvessa.
Duvessa is moderately wounded.
Duvessa hits you with a +3 short sword!
You barely miss Duvessa.
Duvessa is moderately wounded.
Duvessa hits you with a +3 short sword.
You completely miss Duvessa. Your claw misses Duvessa.
Duvessa is moderately wounded.
Duvessa hits you with a +3 short sword! Duvessa barely misses you.
You claw Duvessa!
Duvessa is heavily wounded.
Duvessa hits you with a +3 short sword!
You barely miss Duvessa.
Duvessa is heavily wounded.
Duvessa hits you with a +3 short sword!!
* * * LOW HITPOINT WARNING * * *
You scratch Duvessa but do no damage.
Duvessa is heavily wounded.
Duvessa hits you with a +3 short sword!
You die...

#.##.######.#.####### #
#.##..........########
#.##.................#
#.##.#.[.<#.########.#
#.##.#.####.########.#######
#...............)...........
####.#.####+########.#######
#.#.# #....######.# #.#.#
#....'e@....# #.#.#
#....######## #.#.# #....
#.#.# #.... #.#.# #.... #.#
#.... #..(. #....


You could see Duvessa (berserk).

Vanquished Creatures
  Sigmund (D:4)
  Edmund (D:5)
  A black bear (D:4)
  An ogre (D:5)
  A necrophage (D:3)
  3 wyvern zombies (Ossuary)
  A water moccasin zombie (Ossuary)
  A water moccasin skeleton (D:4)
  Dowan (D:5)
  7 bullfrog zombies (Ossuary)
  5 centaur zombies (Ossuary)
  9 mummies (Ossuary)
  Ijyb (D:4)
  Natasha (D:2)
  2 iguanas
  A scorpion zombie (D:5)
  5 killer bee zombies (Ossuary)
  Robin (D:2)
  4 adders
  An ufetubus (D:4)
  2 dart slugs (D:1)
  6 ball pythons
  5 bats
  2 endoplasms
  A giant cockroach (D:3)
  11 goblins
  7 hobgoblins
  2 jackals (D:3)
  2 frilled lizards
  10 kobolds
  3 rats
99 creatures vanquished.

Vanquished Creatures (others)
  4 withered plants (Ossuary)
4 creatures vanquished.

Grand Total: 103 creatures vanquished

Notes
Turn   | Place    | Note
-------+----------+-------------------------------------------
     0 | D:1      | HoaS the Troll Hunter began the quest for the Orb.
     0 | D:1      | Reached XP level 1. HP: 19/19 MP: 0/0
    58 | D:1      | Found a faded altar of an unknown god.
    70 | D:1      | Reached skill level 1 in Unarmed Combat
   321 | D:1      | Reached XP level 2. HP: 27/27 MP: 1/1
   352 | D:1      | Reached skill level 2 in Unarmed Combat
  1074 | D:2      | Noticed Robin
  1109 | D:2      | Reached XP level 3. HP: 33/33 MP: 2/2
  1122 | D:2      | Killed Robin
  1123 | D:2      | Reached skill level 3 in Unarmed Combat
  1347 | D:2      | Reached XP level 4. HP: 37/41 MP: 3/3
  1509 | D:2      | Noticed Natasha
  1513 | D:2      | Killed Natasha
  1514 | D:2      | Reached skill level 4 in Unarmed Combat
  2012 | D:3      | Found Dewasul's Book Shoppe.
  2150 | D:3      | Noticed a necrophage
  2159 | D:3      | Killed a necrophage
  2160 | D:3      | Reached skill level 5 in Unarmed Combat
  2160 | D:3      | Reached XP level 5. HP: 48/48 MP: 4/4
  2529 | D:4      | Noticed Ijyb
  2533 | D:4      | Killed Ijyb
  2575 | D:4      | Reached skill level 6 in Unarmed Combat
  2575 | D:4      | Reached XP level 6. HP: 53/55 MP: 3/5
  2587 | D:4      | Noticed Sigmund
  2594 | D:4      | Reached skill level 1 in Armour
  2603 | D:4      | Killed Sigmund
  2604 | D:4      | Reached XP level 7. HP: 37/63 MP: 3/6
  2682 | D:4      | Found a staircase to the Ecumenical Temple.
  2695 | Temple   | Entered the Ecumenical Temple
  3020 | Temple   | Became a worshipper of Warmaster Okawaru
  3320 | D:5      | Entered Level 5 of the Dungeon
  3322 | D:5      | Found a sand-covered staircase.
  3331 | Ossuary  | Entered an ossuary
  3401 | Ossuary  | Reached skill level 1 in Invocations
  3471 | Ossuary  | Reached * piety under Okawaru
  3508 | Ossuary  | Reached XP level 8. HP: 69/74 MP: 8/8
  3510 | Ossuary  | Reached skill level 7 in Unarmed Combat
  3536 | Ossuary  | Reached skill level 5 in Throwing
  3593 | Ossuary  | Reached ** piety under Okawaru
  3783 | D:5      | Noticed Edmund
  3793 | D:5      | Killed Edmund
  3809 | D:5      | Noticed Duvessa
  3809 | D:5      | Noticed Dowan
  3811 | D:5      | Killed Dowan
  3820 | D:5      | Slain by Duvessa

Illustrated notes

Levels and vault maps discovered:
D:1:      minmay_arrival_split_and_join, layout_loops_cross,
          ebering_ecumenical_altar_rust, patterned_corridor
D:2:      layout_loops_corners, uniq_natasha, uniq_robin
D:3:      layout_basic, serial_shops, nicolae_shop_trees
D:4:      layout_rooms, minmay_temple_entry_hall,
          chequers_serial_rivers_large_a, uniq_ijyb, uniq_sigmund
D:5:      layout_basic, serial_shops, shop, nicolae_ossuary_entry_ruins,
          uniq_edmund, uniq_duvessa
Temple:   roderic_octagonal_lattice_temple

Skill      XL: |  1  2  3  4  5  6  7  8 |
---------------+-------------------------+-----
Unarmed Combat | 1 2 3 5 6 7 |  7.8
Armour         | 1 |  1.5
Throwing       | 4 5 |  5.7
Dodging        | 2 3 |  3.2
Fighting       | 2 3 |  3.2
Invocations    | 1 2 |  2.6
Stealth        | |  0.7

Action                   |  1- 3 |  4- 6 |  7- 9 || total
-------------------------+-------+-------+-------++-------
Melee: Unarmed           |    80 |    99 |   162 ||   341
       Punch             |       |     1 |     5 ||     6
Throw: Large rock        |     1 |     2 |     2 ||     5
       Throwing net      |       |     1 |     1 ||     2
       Boomerang         |       |     3 |       ||     3
Evoke: Wand              |       |       |     1 ||     1
  Use: Scroll            |     2 |    10 |     9 ||    21
 Stab: Sleeping          |     2 |       |     1 ||     3
       Held in net/web   |       |     1 |     1 ||     2
       Distracted        |       |       |     1 ||     1
Armor: Robe              |    13 |    32 |    36 ||    81
Dodge: Dodged            |    32 |    66 |    90 ||   188

Table legend: (Time is in decaauts)
 A = Elapsed time spent in this place.
 B = Non-inter-level travel time spent in this place.
 C = Inter-level travel time spent in this place.
 D = Time resting spent in this place.
 E = Time spent auto-exploring this place.
 F = Levels seen in this place.
 G = Mean time per level.
                   A        B        C        D        E       F      G
               +--------+--------+--------+--------+--------+-----+--------+
         Total |   3789 |   3576 |    213 |    129 |   2681 |   7 |  541.3 |
       Dungeon |   3094 |   2950 |    144 |    112 |   2262 |   5 |  618.8 |
        Temple |    348 |    279 |     69 |      0 |    278 |   1 |  348.0 |
       Ossuary |    346 |    346 |      0 |     17 |    141 |   1 |  346.0 |
               +--------+--------+--------+--------+--------+-----+--------+

Top non-repeatable levels by time:
     D:2: 980 daAuts
     D:1: 888 daAuts
     D:3: 637 daAuts
     D:4: 452 daAuts
  Temple: 348 daAuts
 Ossuary: 346 daAuts
     D:5: 135 daAuts
